 Dungeon Crawl Stone Soup version 0.26-a0-415-g2a96157 (webtiles) character file.

Game seed: 6611423983645528070

15082 Illumine the Ogre Mage (level 12, -19/122 HPs)
             Began as an Ogre Hedge Wizard on July 25, 2020.
             Was the Champion of Okawaru.
             Demolished by a white ugly thing (46 damage)
             ... on level 12 of the Dungeon.
             The game lasted 00:46:39 (19156 turns).

Illumine the Ogre Mage (Ogre Hedge Wizard)         Turns: 19156, Time: 00:46:40

Health: -19/122    AC: 16    Str: 23    XL:     12   Next: 23%
Magic:  25/25      EV:  9    Int: 19    God:    Okawaru [******]
Gold:   828        SH:  0    Dex: 10    Spells: 16/30 levels left

rFire    + + .     SeeInvis .   T - +5 giant spiked club "Zasodaped" {freeze, *Slow Int+3 Dex+2}
rCold    x . .     Faith    .   (shield currently unavailable)
rNeg     . . .     Spirit   .   o - +1 fire dragon scales
rPois    +         Reflect  .   c - +0 hat
rElec    +         Harm     .   a - +0 cloak of the Slorg {+Inv rElec Str+3}
rCorr    .                      (gloves unavailable)
MR       +....                  (boots unavailable)
Stlth    ..........             y - amulet of the acrobat
HPRegen  0.30/turn              G - ring of poison resistance
MPRegen  0.19/turn              n - +4 ring of protection

@: no status effects
A: large, unfitting armour, tough skin 1
a: Heroism, Finesse, Renounce Religion, Evoke Invisibility


You were on level 12 of the Dungeon.
You worshipped Okawaru.
Okawaru was exalted by your worship.
You visited 2 branches of the dungeon, and saw 13 of its levels.
You also visited: Bailey.

You collected 828 gold pieces.

Inventory:

Hand Weapons
 d - a +2 dagger of venom
 k - a +2 vampiric whip
 u - a +3 giant club
 z - the +5 falchion of Peace {vorpal, rPois, unknown}
   (You found it on level 9 of the Dungeon)

   It inflicts extra damage upon your enemies.
   It protects you from poison.
 D - a +0 giant spiked club
 Q - a +2 great mace of protection
 T - the +5 giant spiked club "Zasodaped" (weapon) {freeze, *Slow Int+3 Dex+2}
   (Okawaru gifted it to you on level 12 of the Dungeon)

   It has been specially enchanted to freeze those struck by it, causing extra
   injury to most foes and up to half again as much damage against particularly
   susceptible opponents.
   It can also slow down cold-blooded creatures.
   It affects your intelligence (+3).
   It affects your dexterity (+2).
   It may slow you when you take damage.
Missiles
 M - 7 curare-tipped darts (quivered)
 N - 18 poisoned darts
Armour
 a - the +0 cloak of the Slorg (worn) {+Inv rElec Str+3}
   (You found it in a bailey)

   It affects your strength (+3).
   It insulates you from electricity.
   It lets you turn invisible.
 b - a +0 robe
 c - a +0 hat (worn)
 o - +1 fire dragon scales (worn)
 E - a +2 robe of magic resistance
Jewellery
 g - an uncursed ring of magical power
 j - an uncursed ring of positive energy
 l - an uncursed ring of protection from magic
 n - a +4 ring of protection (right hand)
 x - a +6 ring of intelligence
 y - an amulet of the acrobat (around neck)
 G - a ring of poison resistance (left hand)
 I - an uncursed ring of stealth
 J - an uncursed ring of ice
Wands
 C - a wand of iceblast (17)
 K - a wand of digging (5)
 R - a wand of polymorph (7)
 U - a wand of paralysis (8)
Scrolls
 e - 4 scrolls of blinking
 m - 9 scrolls of teleportation
 t - 7 scrolls of immolation
 w - 2 scrolls of amnesia
 B - 2 scrolls of fog
 P - a scroll of enchant armour {unknown}
 S - 3 scrolls of magic mapping
Potions
 f - 2 potions of stabbing
 h - 4 potions of resistance
 i - 2 potions of degeneration
 p - 4 potions of curing
 q - 3 potions of might
 r - a potion of lignification
 s - 2 potions of cancellation
 v - a potion of berserk rage
 A - 2 potions of heal wounds
 F - 3 potions of mutation
 H - a potion of invisibility
 L - a potion of magic
 O - a potion of ambrosia {unknown}


   Skills:
 + Level 8.9 Fighting
 * Level 8.8 Maces & Flails
 + Level 3.4 Armour
 - Level 5.1 Dodging
 - Level 1.5 Stealth
 + Level 9.5 Spellcasting
 + Level 6.4 Conjurations
 - Level 5.0 Summonings
 - Level 2.0 Translocations
 - Level 3.0 Air Magic
 - Level 3.0 Poison Magic
 + Level 4.6 Invocations
 - Level 1.0 Evocations


You had 16 spell levels left.
You knew the following spells:

 Your Spells              Type           Power        Failure   Level
a - Magic Dart            Conj           ####         1%          1
b - Blink                 Tloc           N/A          16%         2
c - Call Imp              Summ           ####....     4%          2
d - Conjure Flame         Conj/Fire      ###.....     19%         3
e - Mephitic Cloud        Conj/Pois/Air  ###.....     13%         3
f - Apportation           Tloc           ###...       10%         1
g - Poisonous Vapours     Pois/Air       ###...       11%         2

Your spell library contained the following spells:

 Spells                   Type           Power        Failure   Level
 Summon Small Mammal      Summ           ####         3%          1
 Sting                    Tmut/Pois      ##..         13%         1
 Animate Skeleton         Necr           #.....       24%         1
 Corona                   Hex            #......      24%         1
 Slow                     Hex            #.......     34%         2
 Ignite Poison            Fire/Tmut/Pois ##......     43%         3
 Olgreb's Toxic Radiance  Pois           ###.....     56%         4


Dungeon Overview and Level Annotations

Branches:
Dungeon (12/15)            Temple (1/1) D:6            Lair (0/6) D:11
    Orc (0/2) D:11         Bailey (visited)

Altars:
Ashenzari
Cheibriados
Dithmenos
Elyvilon
Fedhas
Gozag
Hepliaklqana
Kikubaaqudgha
Makhleb
Nemelex Xobeh
Okawaru
Qazlal
Ru
Sif Muna
Trog
Uskayaw
Vehumet
Wu Jian
Xom
Yredelemnul
Zin
The Shining One

Shops:
D:12 (

Portals:
Trove: D:11 (give 9 potions of haste)

Annotations:
D:6 3 runed translucent doors, yaymichael's ghost, novice PaBe


Innate Abilities, Weirdness & Mutations

You are too large for most types of armour.
You have tough skin. (AC +1)


Message History

Okawaru accepts your kill.
There is an open door here.
You sock the white ugly thing! You freeze the white ugly thing.
The white ugly thing is moderately wounded.
The white ugly thing headbutts you but does no damage.
You closely miss the white ugly thing.
The white ugly thing is moderately wounded.
The white ugly thing misses you. The white ugly thing headbutts you.
The white ugly thing freezes you!!
You feel a terrible chill!
You barely miss the white ugly thing.
The white ugly thing is moderately wounded.
The white ugly thing headbutts you! The white ugly thing freezes you!!!
You feel a terrible chill!
* * * LOW HITPOINT WARNING * * *
You bludgeon the white ugly thing!! You freeze the white ugly thing.
The white ugly thing is almost dead.
The white ugly thing headbutts you!
* * * LOW HITPOINT WARNING * * *
The white ugly thing freezes you!!!
You feel a terrible chill!
You die...

#......#<..'.....#...
#......#...#.....#...
#......#...#.....#...
#..<...#...#.....#...
########...#.....#...
#......#...#.....####
#......#...#.........
#......#...#.........
#...@..#...#.........
####u###...#.........
#......#...#.........
#......#...#.........
#......#...#######...
#......#......>..#...
#......#†........#...
#................#...
#................#...


You could see a white ugly thing.

Vanquished Creatures
  Erica (D:10)
  A two-headed ogre (D:8)
  Urug (D:10)
  Pikel (D:7)
  A deep elf mage (D:10)
  An orc knight (Bailey)
  An ugly thing (D:12)
  A manticore (D:12)
  Joseph (D:7)
  Maurice (D:9)
  Maggie (D:8)
  Psyche (D:9)
  A kobold demonologist (D:10)
  A troll (D:12)
  A wraith (D:12)
  14 yaks
  3 wyverns (D:11)
  Grum (D:11)
  2 basilisks (D:11)
  4 vampire mosquitoes
  A water moccasin (D:10)
  10 orc warriors
  A black bear (D:7)
  6 ice beasts
  3 phantoms
  2 ogres
  A necrophage (D:10)
  6 wolves
  A crocodile (D:11)
  6 centaurs
  2 lemures (D:7)
  3 big kobolds
  3 bullfrogs
  A wyvern zombie (D:11)
  A wyvern skeleton (D:11)
  A scorpion (D:11)
  5 killer bees (D:10)
  8 wights
  3 howler monkeys
  An electric eel (D:9)
  2 quasits (D:10)
  3 jellies
  6 orc priests
  3 hounds
  2 bullfrog skeletons
  7 orc wizards
  3 iguanas
  Natasha (D:4)
  5 worker ants
  2 bullfrog simulacra (D:9)
  A hound skeleton (D:11)
  4 gnolls (D:2)
  2 adders
  2 shadow imps
  2 howler monkey simulacra (D:9)
  2 white imps
  A worker ant simulacrum (D:9)
  An ufetubus (D:6)
  An ooze (D:5)
  An adder skeleton (D:7)
  An adder zombie (D:5)
  2 worms
  3 dart slugs
  6 leopard geckos
  29 orcs
  4 giant cockroaches
  9 goblins
  6 hobgoblins
  4 jackals
  19 kobolds
  3 quokkas
  A ball python (D:2)
  8 bats
  5 frilled lizards
  3 jackal skeletons
  4 rats
262 creatures vanquished.

Vanquished Creatures (collateral kills)
  2 yaks
  A vampire mosquito (D:10)
  2 orc warriors
  An ice beast (D:5)
  2 ogres
  A big kobold (D:7)
  A scorpion (D:5)
  A killer bee (D:10)
  5 howler monkeys
  A bullfrog zombie (D:6)
  A hound (D:4)
  3 orc priests
  2 orc wizards
  3 worker ants
  6 adders
  2 ufetubi
  A worm (D:3)
  A dart slug (D:2)
  10 orcs
  A goblin (D:8)
  5 jackals
  5 kobolds
57 creatures vanquished.

Vanquished Creatures (others)
  2 yaks (D:11)
  A swamp drake (D:11)
  An ufetubus (D:7)
4 creatures vanquished.

Grand Total: 323 creatures vanquished

Notes
Turn   | Place    | Note
-------+----------+-------------------------------------------
     0 | D:1      | Illumine the Ogre Hedge Wizard began the quest for the Orb.
     0 | D:1      | Reached XP level 1. HP: 16/16 MP: 5/5
   358 | D:1      | Reached skill level 4 in Spellcasting
   358 | D:1      | Reached XP level 2. HP: 24/24 MP: 1/7
   440 | D:1      | Learned a level 2 spell: Blink
   777 | D:1      | Reached skill level 1 in Conjurations
   843 | D:1      | Learned a level 2 spell: Call Imp
   986 | D:1      | Reached skill level 1 in Summonings
   986 | D:1      | Reached XP level 3. HP: 31/31 MP: 3/8
  2062 | D:2      | Reached XP level 4. HP: 39/39 MP: 10/10
  3243 | D:3      | Reached skill level 1 in Fighting
  3366 | D:3      | Reached XP level 5. HP: 31/48 MP: 12/12
  3493 | D:3      | Reached skill level 5 in Spellcasting
  4043 | D:3      | Found a faded altar of an unknown god.
  4130 | D:4      | Noticed an ogre
  4138 | D:4      | Killed an ogre
  4138 | D:4      | Reached skill level 1 in Translocations
  4205 | D:4      | Noticed an ogre
  4217 | D:4      | Killed an ogre
  4217 | D:4      | Reached skill level 1 in Maces & Flails
  4217 | D:4      | Reached XP level 6. HP: 57/57 MP: 14/14
  4314 | D:4      | Learned a level 3 spell: Conjure Flame
  4318 | D:4      | Learned a level 3 spell: Mephitic Cloud
  4924 | D:4      | Found a shimmering blue altar of Sif Muna.
  5037 | D:4      | Noticed Natasha
  5039 | D:4      | Killed Natasha
  5139 | D:5      | Entered Level 5 of the Dungeon
  5139 | D:5      | Noticed a phantom
  5492 | D:5      | Reached XP level 7. HP: 47/66 MP: 9/15
  5714 | D:5      | Reached skill level 6 in Spellcasting
  5747 | D:5      | You fall into a shaft and drop 1 floor!
  5753 | D:6      | Found a shadowy altar of Dithmenos.
  6357 | D:5      | Reached XP level 8. HP: 21/75 MP: 14/17
  6676 | D:4      | Reached skill level 1 in Air Magic
  6676 | D:4      | Reached skill level 1 in Poison Magic
  7601 | D:6      | Found a staircase to the Ecumenical Temple.
  7606 | Temple   | Entered the Ecumenical Temple
  7796 | Temple   | Became a worshipper of Warmaster Okawaru
  7874 | D:6      | Found a runed translucent gate.
  7876 | D:6      | Found a runed translucent gate.
  7923 | D:6      | Found a runed translucent gate.
  7927 | D:6      | Noticed yaymichael's ghost (novice PaBe)
  8592 | D:7      | Found a sacrificial altar of Ru.
  8592 | D:7      | Found a hazy altar of Hepliaklqana.
  9027 | D:7      | Found a sparkling altar of Nemelex Xobeh.
  9110 | D:7      | Reached skill level 1 in Evocations
  9328 | D:7      | Noticed Joseph
  9525 | D:7      | Killed Joseph
  9525 | D:7      | Reached * piety under Okawaru
  9525 | D:7      | Reached skill level 7 in Spellcasting
  9525 | D:7      | Reached XP level 9. HP: 31/85 MP: 1/19
 10323 | D:7      | Reached skill level 5 in Fighting
 10462 | D:7      | Noticed Pikel
 10485 | D:7      | Killed Pikel
 10485 | D:7      | Reached ** piety under Okawaru
 10485 | D:7      | Reached skill level 5 in Maces & Flails
 11022 | D:8      | Found a flagged portal.
 11047 | Bailey   | Entered a bailey
 11468 | Bailey   | Noticed an orc knight
 11471 | Bailey   | Killed an orc knight
 11471 | Bailey   | Reached *** piety under Okawaru
 11471 | Bailey   | Reached XP level 10. HP: 98/98 MP: 14/21
 11559 | Bailey   | Got a faintly glowing cloak
 11565 | Bailey   | Identified the cursed +0 cloak of the Slorg {+Inv rElec
                  | Str+3} (You found it in a bailey)
 11769 | D:8      | Reached skill level 8 in Spellcasting
 12331 | D:8      | Noticed Maggie
 12341 | D:8      | Noticed a two-headed ogre
 12390 | D:8      | Killed a two-headed ogre
 12390 | D:8      | Reached skill level 5 in Dodging
 12599 | D:8      | Killed Maggie
 12599 | D:8      | Reached **** piety under Okawaru
 12875 | D:9      | Got an encrusted falchion
 12933 | D:9      | Noticed Maurice
 12950 | D:9      | Killed Maurice
 12950 | D:9      | Reached skill level 5 in Conjurations
 12951 | D:9      | Reached skill level 1 in Invocations
 13191 | D:9      | Noticed Psyche
 13215 | D:9      | Killed Psyche
 13215 | D:9      | Reached skill level 1 in Armour
 13674 | D:9      | Found Plog's Gadget Emporium.
 13718 | D:9      | Found a stormy altar of Qazlal.
 13719 | D:9      | Found a blossoming altar of Fedhas.
 13721 | D:9      | Found a burning altar of Makhleb.
 13807 | D:9      | Reached XP level 11. HP: 109/109 MP: 23/23
 14000 | D:10     | Entered Level 10 of the Dungeon
 14059 | D:10     | Reached ***** piety under Okawaru
 14556 | D:10     | Noticed Erica
 14582 | D:10     | Killed Erica
 14752 | D:10     | Noticed Urug
 14806 | D:10     | Killed Urug
 14819 | D:10     | Noticed a deep elf mage
 15046 | D:10     | Killed a deep elf mage
 15481 | D:11     | Learned a level 1 spell: Apportation
 15484 | D:11     | Learned a level 2 spell: Poisonous Vapours
 15537 | D:11     | Received a gift from Okawaru
 15788 | D:11     | Reached skill level 9 in Spellcasting
 16625 | D:11     | Noticed Grum
 16750 | D:11     | Killed Grum
 17489 | D:11     | Found a staircase to the Lair.
 17499 | D:11     | Reached ****** piety under Okawaru
 17533 | D:11     | Reached skill level 5 in Summonings
 17656 | D:11     | Found a staircase to the Orcish Mines.
 17712 | D:11     | Found a portal to a secret trove of treasure.
 17894 | D:11     | Reached XP level 12. HP: 122/122 MP: 25/25
 18100 | D:12     | Received a gift from Okawaru
 18101 | D:12     | Got an ichor-stained giant spiked club {god gift}
 18102 | D:12     | Identified the +5 giant spiked club "Zasodaped" {freeze,
                  | *Slow Int+3 Dex+2} (Okawaru gifted it to you on level 12 of
                  | the Dungeon)
 18513 | D:12     | Found Ruddah's Antique Weapon Shoppe.
 19156 | D:12     | Demolished by a white ugly thing

Illustrated notes

Levels and vault maps discovered:
D:1:      lightli_arrival_quake, layout_loops_corners, corner_web_ring
D:2:      layout_loops_corners
D:3:      layout_loops_ring, chequers_ecumenical_altar_twisty
D:4:      layout_gridville, tgw_sif, uniq_natasha
D:5:      layout_loops_ring, serial_glass, glass_columns_a, glass_columns_a,
          glass_columns_b, glass_columns_c, glass_columns_a, glass_columns_a,
          glass_columns_a, glass_columns_a, glass_columns_c, glass_columns_a,
          glass_columns_a, glass_columns_b, glass_columns_a, glass_columns_a,
          minmay_strange_pillars, feat_on_display, feat_on_display
D:6:      layout_cave_pools, lemuel_round_altar, temple_statues, serial_park,
          serial_park_tiny_pond, serial_park_square2, ebering_ghost_rock_garden
D:7:      layout_loops_corners, lemuel_round_altar,
          chequers_temple_overflow_statue_of_worship, uniq_pikel, uniq_joseph
D:8:      layout_loops_ring, enter_bailey_3, nicolae_benzene_ring,
          nicolae_wwwww, uniq_maggie
D:9:      layout_loops_cross, minitemple, serial_shops, shop, serial_ice,
          serial_ice_o, serial_ice_b, serial_ice_n, serial_ice_l, serial_ice_d,
          uniq_psyche, uniq_maurice
D:10:     layout_irregular_city, minmay_holes, uniq_erica, uniq_urug
D:11:     layout_roguey, erik_lair_dragon, orc_0_dummy,
          nicolae_trove_entry_columns, uniq_grum
D:12:     layout_grid_maze, serial_shops, shop
Temple:   dpeg_chambers_temple

Skill      XL: |  1  2  3  4  5  6  7  8  9 10 11 |
---------------+----------------------------------+-----
Spellcasting   | 4 5 6 7 8 9 |  9.5
Conjurations   | 1 2 3 4 5 6 |  6.4
Summonings     | 1 2 3 5 |  5.0
Dodging        | 2 3 4 5 |  5.1
Fighting       | 1 2 3 4 6 7 8 |  8.9
Translocations | 1 2 |  2.0
Maces & Flails | 1 2 4 5 7 8 |  8.8
Air Magic      | 2 3 |  3.0
Poison Magic   | 2 3 |  3.0
Evocations     | 1 |  1.0
Invocations    | 2 4 |  4.6
Armour         | 1 3 |  3.4
Stealth        | |  1.5

Action                   |  1- 3 |  4- 6 |  7- 9 | 10-12 || total
-------------------------+-------+-------+-------+-------++-------
Melee: Dagger            |    23 |       |       |       ||    23
       Whip              |     3 |    84 |       |       ||    87
       Giant club        |       |    85 |   278 |   409 ||   772
       Giant spiked club |       |       |       |    37 ||    37
 Cast: Magic Dart        |    78 |    33 |    25 |     1 ||   137
       Call Imp          |     2 |    21 |    56 |    67 ||   146
       Mephitic Cloud    |       |       |    21 |    24 ||    45
       Conjure Flame     |       |       |     1 |       ||     1
Invok: Heroism           |       |       |       |     2 ||     2
       Finesse           |       |       |       |     1 ||     1
Evoke: Wand              |       |       |     2 |     7 ||     9
  Use: Potion            |       |       |     5 |       ||     5
       Scroll            |       |       |    15 |     9 ||    24
 Stab: Distracted        |       |       |     2 |     1 ||     3
       Sleeping          |       |       |     1 |       ||     1
       Confused          |       |       |     2 |     8 ||    10
Armor: Robe              |    12 |    66 |   152 |       ||   230
       Fire dragon scale |       |       |       |   315 ||   315
Dodge: Dodged            |    18 |   108 |   272 |   347 ||   745

Table legend: (Time is in decaauts)
 A = Elapsed time spent in this place.
 B = Non-inter-level travel time spent in this place.
 C = Inter-level travel time spent in this place.
 D = Time resting spent in this place.
 E = Time spent auto-exploring this place.
 F = Levels seen in this place.
 G = Mean time per level.
                   A        B        C        D        E       F      G
               +--------+--------+--------+--------+--------+-----+--------+
         Total |  19445 |  19118 |    327 |   7533 |   7847 |  14 | 1388.9 |
       Dungeon |  18613 |  18306 |    307 |   7318 |   7588 |  12 | 1551.1 |
        Temple |    211 |    191 |     20 |      0 |    181 |   1 |  211.0 |
        Bailey |    620 |    620 |      0 |    215 |     78 |   1 |  620.0 |
               +--------+--------+--------+--------+--------+-----+--------+

Top non-repeatable levels by time:
    D:10: 2432 daAuts
     D:7: 2426 daAuts
     D:5: 2062 daAuts
     D:1: 1708 daAuts
    D:11: 1504 daAuts
     D:2: 1478 daAuts
     D:4: 1370 daAuts
    D:12: 1314 daAuts
     D:9: 1246 daAuts
     D:6: 1182 daAuts
     D:8: 1013 daAuts
     D:3: 874 daAuts
  Bailey: 620 daAuts
  Temple: 211 daAuts
